Tucson Roadrunners vs Philadelphia Phantoms
Created - Saturday, May 25, 2024 at 07:14
Goals
|
| Tucson Roadrunners |
2 |
3 |
2 |
7 |
| Philadelphia Phantoms |
1 |
1 |
2 |
4 |
|
Shots
|
| Tucson Roadrunners |
6 |
20 |
11 |
37 |
| Philadelphia Phantoms |
15 |
18 |
14 |
47 |
|
1st period
1. Philadelphia Phantoms , Lukas Rousek 26 (Ethen Frank 72, Egor Afanasyev 56) at 9:46 (PP)
2. Tucson Roadrunners , Anthony Richard 30 (Walker Duehr 23, Benjamin Jones 23) at 10:27
3. Tucson Roadrunners , Robert Hagg 6 (Unassisted) at 10:50
Penalties :
Alex Steeves (PHP) for Tripping (Minor) at 1:15, Benjamin Jones (TRR) for Hooking (Minor) at 9:41, Adam Klapka (PHP) for Fighting (Major) at 10:17, Alex Belzile (TRR) for Fighting (Major) at 10:17, Anthony Richard (TRR) for Hooking (Minor) at 10:54, Carson Soucy (TRR) for Interference (Minor) at 14:05, Egor Afanasyev (PHP) for Holding (Minor) at 15:36
2nd period
4. Tucson Roadrunners , Logan Shaw 35 (Ronan Seeley 15, Nicolas Petan 60) at 1:00 (PP)
5. Tucson Roadrunners , Anthony Richard 31 (Walker Duehr 24) at 7:57
6. Tucson Roadrunners , Benjamin Jones 22 (Anthony Richard 28, Nick Seeler 33) at 8:31
7. Philadelphia Phantoms , Jack McBain 42 (Tye Kartye 39, Pontus Holmberg 22) at 16:19 (PP)
Penalties :
Adam Klapka (PHP) for Hooking (Minor) at 0:45, Nick Seeler (TRR) for Hooking (Minor) at 15:20, Louis Crevier (PHP) for Fighting (Major) at 17:03, Anthony Richard (TRR) for Fighting (Major) at 17:03, Carson Soucy (TRR) for Slashing (Minor) at 17:25
3rd period
8. Philadelphia Phantoms , Egor Afanasyev 49 (Alex Steeves 31, Nils Aman 25) at 9:04
9. Tucson Roadrunners , Alex Belzile 22 (Robert Hagg 39, Carson Soucy 33) at 10:40
10. Tucson Roadrunners , Benjamin Jones 23 (Samuel Knazko 12) at 18:32
11. Philadelphia Phantoms , Tim Berni 2 (Lukas Rousek 44, Nick Blankenburg 52) at 19:07
Penalties :
Tim Gettinger (PHP) for Fighting (Major) at 10:27, Fabian Lysell (TRR) for Fighting (Major) at 10:27, Alex Steeves (PHP) for Slashing (Minor) at 10:47
Goalie Stats
Elvis Merzlikins (TRR), 43 saves from 47 shots - (0.915), W, 40-20-5, 60:00 minutes
Devin Cooley (PHP), 30 saves from 37 shots - (0.811), L, 22-10-2, 60:00 minutes
Players Stats for Tucson Roadrunners
Player Name G A P +/- PIM S H SB GA TA FO MP PP MP PK MP
------------------------------------------------------------------------------------
Alex Belzile 1 0 1 0 5 3 1 0 1 0 3/3 16:21 2:42 0:10
Anthony Richard 2 1 3 4 7 2 1 0 0 0 0/0 12:15 0:30 0:00
Benjamin Jones 2 1 3 4 2 3 0 0 1 0 7/13 12:29 0:30 0:00
Carson Soucy 0 1 1 2 4 2 0 3 1 0 0/0 25:51 3:02 1:35
Donovan Sebrango 0 0 0 1 0 0 1 0 0 0 0/0 12:00 0:00 2:19
Fabian Lysell 0 0 0 -1 5 0 1 1 1 0 1/1 7:27 0:19 0:00
Logan Shaw 1 0 1 0 0 4 0 0 1 0 8/18 20:06 2:42 3:20
Marian Studenic 0 0 0 -1 0 0 0 0 0 0 0/1 8:02 0:00 0:00
Mark Jankowski 0 0 0 1 0 4 3 1 1 0 12/23 19:45 2:11 3:20
Matt Nieto 0 0 0 1 0 4 1 1 0 1 1/1 20:19 2:43 3:13
Nick Seeler 0 1 1 1 2 2 0 1 0 1 0/0 22:13 3:03 2:25
Nicolas Petan 0 1 1 0 0 2 3 1 1 1 0/0 16:51 2:42 0:00
Robert Hagg 1 1 2 1 0 4 2 3 1 0 0/0 26:42 2:41 3:22
Ronan Seeley 0 1 1 1 0 2 1 1 1 2 0/0 23:02 3:03 3:11
Samuel Knazko 0 1 1 1 0 0 2 0 0 0 0/0 10:17 0:00 0:14
Scott Reedy 0 0 0 -1 0 0 0 0 1 0 1/5 8:02 0:00 0:00
Walker Duehr 0 2 2 4 0 0 0 0 0 0 0/0 11:36 0:00 0:00
William Carrier 0 0 0 1 0 5 3 1 3 1 1/5 19:42 2:32 3:13
Players Stats for Philadelphia Phantoms
Player Name G A P +/- PIM S H SB GA TA FO MP PP MP PK MP
------------------------------------------------------------------------------------
Adam Klapka 0 0 0 -1 7 0 0 0 0 0 5/9 13:06 0:00 2:11
Alex Steeves 0 1 1 -1 4 4 2 1 1 0 0/0 11:38 0:00 0:00
Brandon Duhaime 0 0 0 -2 0 0 1 3 0 0 0/0 13:53 0:00 2:11
Casey Fitzgerald 0 0 0 -1 0 1 0 1 0 2 0/0 16:32 2:17 0:00
Egor Afanasyev 1 1 2 -2 2 4 0 0 1 1 0/0 15:03 3:22 0:00
Ethen Frank 0 1 1 -1 0 5 1 0 1 0 11/18 15:45 3:23 0:36
Jack McBain 1 0 1 -2 0 7 3 0 0 0 11/22 19:04 3:10 2:57
Juuso Parssinen 0 0 0 -2 0 3 0 0 0 2 0/1 12:49 0:00 0:17
Louis Crevier 0 0 0 0 5 0 1 0 0 3 0/0 16:30 0:00 0:00
Lukas Rousek 1 1 2 1 0 3 0 1 0 0 1/2 15:33 3:23 0:00
Marcus Bjork 0 0 0 -1 0 2 1 0 0 1 0/0 20:32 4:16 2:10
Nick Blankenburg 0 1 1 -3 0 0 2 5 2 3 0/0 24:47 4:16 3:34
Nils Aman 0 1 1 1 0 6 0 0 0 1 1/1 15:27 0:00 3:14
Pontus Holmberg 0 1 1 1 0 4 1 0 1 0 6/15 15:17 3:10 0:00
Tim Berni 1 0 1 0 0 2 3 2 0 0 0/0 19:18 0:00 2:10
Tim Gettinger 0 0 0 -2 5 2 1 0 0 0 0/0 11:03 0:00 0:00
Tye Kartye 0 1 1 -2 0 2 4 2 0 0 1/2 15:04 3:10 0:02
William Borgen 0 0 0 -3 0 2 3 4 0 0 0/0 22:20 2:17 3:34
3 Stars
1 - Benjamin Jones (TRR)
2 - Anthony Richard (TRR)
3 - Robert Hagg (TRR)
Power Play
Tucson Roadrunners - 1 on 4 Attempt(s) - 25.00%
Philadelphia Phantoms - 2 on 5 Attempt(s) - 40.00%
Penalty Kill
Tucson Roadrunners - 3 on 5 Attempt(s) - 60.00%
- Score 0 goal in Penalty Kill
Philadelphia Phantoms - 3 on 4 Attempt(s) - 75.00%
- Score 0 goal in Penalty Kill
Team Stat
Tucson Roadrunners - Hits : 19 - Faceoff Wins : 34 - Blocked Shots : 13 - Penalty Minutes : 25
Philadelphia Phantoms - Hits : 23 - Faceoff Wins : 36 - Blocked Shots : 19 - Penalty Minutes : 23
Official
Referees : Francois StLaurent and Ghislain Hebert
Linesman : Mark Shewchyk and Shandor Alphonso
Game Notes
Adam Klapka and Alex Belzile fight to a draw at 10:17 of 1st period
10:50 of 1st period - Penalty Shot by Robert Hagg for Tucson Roadrunners - Goal!
Louis Crevier beats up Anthony Richard at 17:03 of 2nd period
Tim Gettinger beats up Fabian Lysell at 10:27 of 3rd period
Tucson Roadrunners
5 vs 5 Forward
Center Left Wing Right Wing Time % Phy DF OF
1 Mark Jankowski William Carrier Matt Nieto 30 1 2 2
2 Logan Shaw Nicolas Petan Alex Belzile 30 1 2 2
3 Benjamin Jones Anthony Richard Walker Duehr 25 1 2 2
4 Scott Reedy Marian Studenic Fabian Lysell 15 1 2 2
5 vs 5 Defense
Defense Defense Time % Phy DF OF
1 Carson Soucy Robert Hagg 45 1 2 2
2 Nick Seeler Ronan Seeley 35 1 2 2
3 Samuel Knazko Donovan Sebrango 20 1 2 2
4 Carson Soucy Robert Hagg 0 1 2 2
PowerPlay Forward
Center Left Wing Right Wing Time % Phy DF OF
1 Mark Jankowski William Carrier Matt Nieto 50 1 1 2
2 Logan Shaw Nicolas Petan Alex Belzile 50 1 1 3
PowerPlay Defense
Defense Defense Time % Phy DF OF
1 Carson Soucy Robert Hagg 50 1 2 2
2 Nick Seeler Ronan Seeley 50 1 2 2
Penalty Kill 4 Players Forward
Center Wing Time % Phy DF OF
1 William Carrier Matt Nieto 50 1 3 1
2 Mark Jankowski Logan Shaw 50 1 3 1
Penalty Kill 4 Players Defense
Defense Defense Time % Phy DF OF
1 Carson Soucy Robert Hagg 50 1 3 1
2 Nick Seeler Ronan Seeley 50 1 3 1
Penalty Kill - 3 Players Forward
Forward Time % Phy DF OF
1 William Carrier 50 1 2 2
2 Matt Nieto 50 1 2 2
Penalty Kill - 3 Players Defense
Defense Defense Time % Phy DF OF
1 Carson Soucy Robert Hagg 50 1 2 2
2 Nick Seeler Ronan Seeley 50 1 2 2
4 vs 4 Forward
Center Wing Time % Phy DF OF
1 William Carrier Matt Nieto 50 1 1 3
2 Mark Jankowski Logan Shaw 50 1 1 3
4 vs 4 Defense
Defense Defense Time % Phy DF OF
1 Carson Soucy Robert Hagg 50 1 2 2
2 Nick Seeler Ronan Seeley 50 1 2 2
Last Minutes Offensive
Center Left Wing Right Wing Defense Defense
Mark Jankowski William Carrier Matt Nieto Carson Soucy Robert Hagg
Last Minutes Defensive
Center Left Wing Right Wing Defense Defense
Mark Jankowski William Carrier Matt Nieto Carson Soucy Robert Hagg
Goaltenders
Starting : Elvis Merzlikins
Backup : Kaapo Kahkonen
Extra Forwards
Normal : Anthony Richard, Benjamin Jones, Walker Duehr - PP : Anthony Richard, Benjamin Jones - PK : Walker Duehr
Extra Defensemen
Normal : Samuel Knazko, Donovan Sebrango, Nick Seeler - PP : Samuel Knazko - PK : Donovan Sebrango, Nick Seeler
Penalty Shots
William Carrier, Matt Nieto, Mark Jankowski, Logan Shaw, Alex Belzile
Philadelphia Phantoms
5 vs 5 Forward
Center Left Wing Right Wing Time % Phy DF OF
1 Jack McBain Tye Kartye Juuso Parssinen 25 1 2 2
2 Ethen Frank Egor Afanasyev Alex Steeves 25 0 2 3
3 Pontus Holmberg Nils Aman Lukas Rousek 25 0 2 3
4 Adam Klapka Tim Gettinger Brandon Duhaime 25 1 2 2
5 vs 5 Defense
Defense Defense Time % Phy DF OF
1 William Borgen Nick Blankenburg 35 1 2 2
2 Tim Berni Louis Crevier 35 1 2 2
3 Marcus Bjork Casey Fitzgerald 30 1 2 2
4 William Borgen Nick Blankenburg 0 1 2 2
PowerPlay Forward
Center Left Wing Right Wing Time % Phy DF OF
1 Ethen Frank Egor Afanasyev Lukas Rousek 60 0 1 4
2 Jack McBain Tye Kartye Pontus Holmberg 40 0 1 4
PowerPlay Defense
Defense Defense Time % Phy DF OF
1 Nick Blankenburg Marcus Bjork 60 0 2 3
2 William Borgen Casey Fitzgerald 40 0 2 3
Penalty Kill 4 Players Forward
Center Wing Time % Phy DF OF
1 Jack McBain Nils Aman 55 0 3 2
2 Adam Klapka Brandon Duhaime 45 0 3 2
Penalty Kill 4 Players Defense
Defense Defense Time % Phy DF OF
1 William Borgen Nick Blankenburg 55 0 4 1
2 Tim Berni Marcus Bjork 45 0 4 1
Penalty Kill - 3 Players Forward
Forward Time % Phy DF OF
1 Jack McBain 50 0 5 0
2 Nils Aman 50 0 5 0
Penalty Kill - 3 Players Defense
Defense Defense Time % Phy DF OF
1 William Borgen Nick Blankenburg 50 0 5 0
2 Tim Berni Marcus Bjork 50 0 5 0
4 vs 4 Forward
Center Wing Time % Phy DF OF
1 Jack McBain Juuso Parssinen 50 0 2 3
2 Ethen Frank Tye Kartye 50 0 2 3
4 vs 4 Defense
Defense Defense Time % Phy DF OF
1 William Borgen Nick Blankenburg 50 1 2 2
2 Tim Berni Louis Crevier 50 1 2 2
Last Minutes Offensive
Center Left Wing Right Wing Defense Defense
Jack McBain Egor Afanasyev Ethen Frank William Borgen Nick Blankenburg
Last Minutes Defensive
Center Left Wing Right Wing Defense Defense
Jack McBain Nils Aman Brandon Duhaime William Borgen Nick Blankenburg
Goaltenders
Starting : Devin Cooley
Backup : Taylor Gauthier
Extra Forwards
Normal : Jack McBain, Juuso Parssinen, Egor Afanasyev - PP : Jack McBain, Juuso Parssinen - PK : Jack McBain
Extra Defensemen
Normal : Nick Blankenburg, William Borgen, Marcus Bjork - PP : Nick Blankenburg - PK : Nick Blankenburg, William Borgen
Penalty Shots
Ethen Frank, Tye Kartye, Lukas Rousek, Alex Steeves, Tim Gettinger
% Time on Ice - Tucson Roadrunners
Lines # - Real PCT - Wanted PCT - Time Play
Normal Forward
1 - 29% - 30% - 13:48
2 - 29% - 30% - 13:49
3 - 25% - 25% - 11:36
4 - 17% - 15% - 8:02
Normal Defense
1 - 45% - 45% - 21:18
2 - 35% - 35% - 16:20
3 - 20% - 20% - 9:37
4 - 0% - 0% - 0:00
PP Forward
1 - 53% - 50% - 3:02
2 - 47% - 50% - 2:42
PP Defense
1 - 47% - 50% - 2:41
2 - 53% - 50% - 3:03
PK Forward
1 - 49% - 50% - 3:13
2 - 51% - 50% - 3:20
PK Defense
1 - 51% - 50% - 3:22
2 - 49% - 50% - 3:11
PK3 Forward
1 - 0% - 50%
2 - 0% - 50%
PK3 Defense
1 - 0% - 50%
2 - 0% - 50%
44 Forward
1 - 46% - 50% - 0:13
2 - 54% - 50% - 0:15
44 Defense
1 - 0% - 50% - 0:00
2 - 100% - 50% - 0:28
Last Minute Offensive - 0:00
Last Minute Defensive - 0:00
Total
Forward - 60:00
Defense - 60:00
|
% Time on Ice - Philadelphia Phantoms
Lines # - Real PCT - Wanted PCT - Time Play
Normal Forward
1 - 25% - 25% - 11:50
2 - 25% - 25% - 11:36
3 - 26% - 25% - 12:08
4 - 25% - 25% - 11:41
Normal Defense
1 - 35% - 35% - 16:19
2 - 36% - 35% - 16:55
3 - 30% - 30% - 14:01
4 - 0% - 0% - 0:00
PP Forward
1 - 52% - 60% - 3:23
2 - 48% - 40% - 3:10
PP Defense
1 - 65% - 60% - 4:16
2 - 35% - 40% - 2:17
PK Forward
1 - 61% - 55% - 3:31
2 - 39% - 45% - 2:13
PK Defense
1 - 62% - 55% - 3:34
2 - 38% - 45% - 2:10
PK3 Forward
1 - 0% - 50%
2 - 0% - 50%
PK3 Defense
1 - 0% - 50%
2 - 0% - 50%
44 Forward
1 - 68% - 50% - 0:19
2 - 32% - 50% - 0:09
44 Defense
1 - 4% - 50% - 0:01
2 - 96% - 50% - 0:27
Last Minute Offensive - 0:00
Last Minute Defensive - 0:00
Total
Forward - 60:00
Defense - 60:00
|
Play-by-Play
1st period
0:01 of 1st period - Mark Jankowski wins face-off versus Jack McBain in neutral zone.
0:52 of 1st period - Wrist shot by Ethen Frank.
0:52 of 1st period - Stopped by Elvis Merzlikins with a rebound.
1:15 of 1st period - Minor Penalty to Alex Steeves for Tripping.
1:16 of 1st period - Mark Jankowski wins face-off versus Jack McBain in Philadelphia Phantoms zone.
1:22 of 1st period - Snap shot by Mark Jankowski.
1:22 of 1st period - Shot Misses the Net.
3:15 of 1st period - Penalty to Alex Steeves is over, Alex Steeves is back on ice.
3:18 of 1st period - Snap shot by Nils Aman.
3:18 of 1st period - Stopped by Elvis Merzlikins with a rebound.
3:24 of 1st period - Egor Afanasyev is hit by Fabian Lysell and loses puck.
3:52 of 1st period - Slapshot by Brandon Duhaime.
3:52 of 1st period - Shot Misses the Net.
4:30 of 1st period - Nick Blankenburg is hit by Mark Jankowski and loses puck.
4:46 of 1st period - Adam Klapka is hit by Nicolas Petan and loses puck.
4:57 of 1st period - Anthony Richard is hit by Marcus Bjork and loses puck.
5:01 of 1st period - Icing by Nick Seeler.
5:02 of 1st period - Pontus Holmberg wins face-off versus Benjamin Jones in Tucson Roadrunners zone.
5:07 of 1st period - Wrist shot by Pontus Holmberg.
5:07 of 1st period - Stopped by Elvis Merzlikins with a rebound.
5:09 of 1st period - Snap shot by Nils Aman.
5:09 of 1st period - Stopped by Elvis Merzlikins with a rebound.
5:23 of 1st period - Wrist shot by Juuso Parssinen.
5:23 of 1st period - Shot Misses the Net.
5:25 of 1st period - Snap shot by Jack McBain.
5:25 of 1st period - Shot Misses the Net.
5:27 of 1st period - Wrist shot by Juuso Parssinen.
5:27 of 1st period - Deflect By Jack McBain.
5:27 of 1st period - Shot Misses the Net.
5:27 of 1st period - Puck is out of play.
5:28 of 1st period - Adam Klapka wins face-off versus Mark Jankowski in Tucson Roadrunners zone.
5:51 of 1st period - William Borgen is hit by Ronan Seeley.
5:55 of 1st period - Slapshot by Matt Nieto.
5:55 of 1st period - Shot Misses the Net.
5:57 of 1st period - Snap shot by Mark Jankowski.
5:57 of 1st period - Stopped by Devin Cooley without a rebound.
5:58 of 1st period - Alex Belzile wins face-off versus Lukas Rousek in Philadelphia Phantoms zone.
6:09 of 1st period - Wrist shot by Pontus Holmberg.
6:09 of 1st period - Deflect By Lukas Rousek.
6:09 of 1st period - Shot Misses the Net.
6:09 of 1st period - Puck is out of play.
6:10 of 1st period - Tye Kartye wins face-off versus Benjamin Jones in Tucson Roadrunners zone.
6:13 of 1st period - Snap shot by Juuso Parssinen.
6:13 of 1st period - Stopped by Elvis Merzlikins with a rebound.
6:35 of 1st period - Robert Hagg is hit by Tim Gettinger and loses puck.
7:18 of 1st period - William Carrier is hit by Alex Steeves and loses puck.
7:25 of 1st period - Egor Afanasyev is hit by Samuel Knazko and loses puck.
7:30 of 1st period - Slapshot by Matt Nieto.
7:30 of 1st period - Stopped by Devin Cooley with a rebound.
8:14 of 1st period - Snap shot by Tim Gettinger.
8:14 of 1st period - Stopped by Elvis Merzlikins with a rebound.
8:20 of 1st period - Adam Klapka is hit by Nicolas Petan and loses puck.
9:17 of 1st period - Juuso Parssinen is hit by Mark Jankowski and loses puck.
9:41 of 1st period - Minor Penalty to Benjamin Jones for Hooking.
9:42 of 1st period - Ethen Frank wins face-off versus William Carrier in Tucson Roadrunners zone.
9:44 of 1st period - Snap shot by Ethen Frank.
9:44 of 1st period - Shot Misses the Net.
9:46 of 1st period - Wrist shot by Lukas Rousek.
9:46 of 1st period - Goal by Lukas Rousek - Tucson Roadrunners : 0 - Philadelphia Phantoms : 1.
9:47 of 1st period - Lukas Rousek wins face-off versus Logan Shaw in neutral zone.
9:50 of 1st period - Snap shot by Nils Aman.
9:50 of 1st period - Stopped by Elvis Merzlikins without a rebound.
9:51 of 1st period - Logan Shaw wins face-off versus Pontus Holmberg in Tucson Roadrunners zone.
10:17 of 1st period - Adam Klapka and Alex Belzile fight to a draw.
10:17 of 1st period - Penalty to Adam Klapka for Fighting.
10:17 of 1st period - Penalty to Alex Belzile for Fighting.
10:18 of 1st period - Benjamin Jones wins face-off versus Ethen Frank in Tucson Roadrunners zone.
10:25 of 1st period - Snap shot by Anthony Richard.
10:25 of 1st period - Shot Misses the Net.
10:27 of 1st period - Snap shot by Anthony Richard.
10:27 of 1st period - Goal by Anthony Richard - Tucson Roadrunners : 1 - Philadelphia Phantoms : 1.
10:28 of 1st period - Jack McBain wins face-off versus Mark Jankowski in neutral zone.
10:50 of 1st period - Penalty Shot by Robert Hagg for Tucson Roadrunners.
10:50 of 1st period - Snap shot by Robert Hagg.
10:50 of 1st period - Goal by Robert Hagg - Tucson Roadrunners : 2 - Philadelphia Phantoms : 1.
10:51 of 1st period - Jack McBain wins face-off versus Benjamin Jones in neutral zone.
10:52 of 1st period - Benjamin Jones wins face-off versus Ethen Frank in Tucson Roadrunners zone.
10:54 of 1st period - Minor Penalty to Anthony Richard for Hooking.
10:55 of 1st period - Mark Jankowski wins face-off versus Ethen Frank in Tucson Roadrunners zone.
11:12 of 1st period - Off-side.
11:13 of 1st period - Mark Jankowski wins face-off versus Jack McBain in neutral zone.
11:22 of 1st period - Wrist shot by Logan Shaw.
11:22 of 1st period - Deflect By Mark Jankowski.
11:22 of 1st period - Stopped by Devin Cooley without a rebound.
11:23 of 1st period - Jack McBain wins face-off versus William Carrier in Philadelphia Phantoms zone.
11:32 of 1st period - Snap shot by Jack McBain.
11:32 of 1st period - Stopped by Elvis Merzlikins with a rebound.
11:42 of 1st period - Carson Soucy is hit by Nick Blankenburg and loses puck.
11:53 of 1st period - Snap shot by Jack McBain.
11:53 of 1st period - Deflect By Pontus Holmberg.
11:53 of 1st period - Stopped by Elvis Merzlikins with a rebound.
11:55 of 1st period - Snap shot by Nick Blankenburg.
11:55 of 1st period - Shot Misses the Net.
11:57 of 1st period - Backhand shot by Jack McBain.
11:57 of 1st period - Stopped by Elvis Merzlikins without a rebound.
11:58 of 1st period - Matt Nieto wins face-off versus Ethen Frank in Tucson Roadrunners zone.
12:54 of 1st period - Penalty to Anthony Richard is over, Anthony Richard is back on ice.
13:09 of 1st period - Wrist shot by Brandon Duhaime.
13:09 of 1st period - Deflect By Juuso Parssinen.
13:09 of 1st period - Shot Blocked by Robert Hagg.
13:09 of 1st period - Puck is out of play.
13:10 of 1st period - Scott Reedy wins face-off versus Jack McBain in Tucson Roadrunners zone.
13:29 of 1st period - Fabian Lysell is hit by Brandon Duhaime and loses puck.
13:49 of 1st period - Off-side.
13:50 of 1st period - Ethen Frank wins face-off versus Mark Jankowski in neutral zone.
14:00 of 1st period - Snap shot by Egor Afanasyev.
14:00 of 1st period - Stopped by Elvis Merzlikins with a rebound.
14:02 of 1st period - Slapshot by Nick Blankenburg.
14:02 of 1st period - Deflect By Egor Afanasyev.
14:02 of 1st period - Shot Misses the Net.
14:02 of 1st period - Puck is out of play.
14:03 of 1st period - Logan Shaw wins face-off versus Jack McBain in Tucson Roadrunners zone.
14:05 of 1st period - Minor Penalty to Carson Soucy for Interference.
14:06 of 1st period - William Carrier wins face-off versus Ethen Frank in Tucson Roadrunners zone.
14:16 of 1st period - Wrist shot by Ethen Frank.
14:16 of 1st period - Stopped by Elvis Merzlikins with a rebound.
14:40 of 1st period - Snap shot by William Borgen.
14:40 of 1st period - Shot Misses the Net.
15:17 of 1st period - Penalty to Alex Belzile is over, Alex Belzile is back on ice.
15:36 of 1st period - Minor Penalty to Egor Afanasyev for Holding.
15:37 of 1st period - Jack McBain wins face-off versus Mark Jankowski in Philadelphia Phantoms zone.
16:05 of 1st period - Penalty to Carson Soucy is over, Carson Soucy is back on ice.
16:21 of 1st period - Slapshot by Matt Nieto.
16:21 of 1st period - Stopped by Devin Cooley with a rebound.
16:23 of 1st period - Wrist shot by Ronan Seeley.
16:23 of 1st period - Shot Blocked by Nick Blankenburg.
16:25 of 1st period - Snap shot by Carson Soucy.
16:25 of 1st period - Stopped by Devin Cooley without a rebound.
16:26 of 1st period - Adam Klapka wins face-off versus Logan Shaw in Philadelphia Phantoms zone.
16:26 of 1st period - Adam Klapka is hit by Alex Belzile.
17:36 of 1st period - Penalty to Egor Afanasyev is over, Egor Afanasyev is back on ice.
18:13 of 1st period - Carson Soucy is hit by Tye Kartye and loses puck.
18:46 of 1st period - Marcus Bjork is hit by Samuel Knazko and loses puck.
19:30 of 1st period - Snap shot by Ethen Frank.
19:30 of 1st period - Stopped by Elvis Merzlikins without a rebound.
19:31 of 1st period - Pontus Holmberg wins face-off versus Mark Jankowski in Tucson Roadrunners zone.
19:40 of 1st period - Samuel Knazko is hit by Pontus Holmberg and loses puck.
19:45 of 1st period - Snap shot by Lukas Rousek.
19:45 of 1st period - Shot Blocked by Mark Jankowski.
19:47 of 1st period - Backhand shot by Nils Aman.
19:47 of 1st period - Stopped by Elvis Merzlikins with a rebound.
Goals for this period are 2 for Tucson Roadrunners vs 1 for Philadelphia Phantoms.
Shots for this period are 6 for Tucson Roadrunners vs 15 for Philadelphia Phantoms.
2nd period
0:01 of 2nd period - Logan Shaw wins face-off versus Pontus Holmberg in neutral zone.
0:27 of 2nd period - Mark Jankowski is hit by Jack McBain and loses puck.
0:45 of 2nd period - Minor Penalty to Adam Klapka for Hooking.
0:46 of 2nd period - Jack McBain wins face-off versus Logan Shaw in Philadelphia Phantoms zone.
0:54 of 2nd period - Snap shot by Logan Shaw.
0:54 of 2nd period - Stopped by Devin Cooley with a rebound.
0:56 of 2nd period - Slapshot by Ronan Seeley.
0:56 of 2nd period - Shot Misses the Net.
0:58 of 2nd period - Snap shot by Logan Shaw.
0:58 of 2nd period - Stopped by Devin Cooley with a rebound.
1:00 of 2nd period - Wrist shot by Logan Shaw.
1:00 of 2nd period - Goal by Logan Shaw - Tucson Roadrunners : 3 - Philadelphia Phantoms : 1.
1:01 of 2nd period - Nils Aman wins face-off versus Logan Shaw in neutral zone.
1:14 of 2nd period - Backhand shot by Nick Blankenburg.
1:14 of 2nd period - Shot Blocked by Carson Soucy.
1:39 of 2nd period - Snap shot by Mark Jankowski.
1:39 of 2nd period - Stopped by Devin Cooley without a rebound.
1:40 of 2nd period - Benjamin Jones wins face-off versus Tye Kartye in Philadelphia Phantoms zone.
2:05 of 2nd period - Logan Shaw is hit by Tim Berni and loses puck.
2:30 of 2nd period - Slapshot by William Borgen.
2:30 of 2nd period - Shot Misses the Net.
2:32 of 2nd period - Slapshot by Marcus Bjork.
2:32 of 2nd period - Stopped by Elvis Merzlikins without a rebound.
2:33 of 2nd period - Mark Jankowski wins face-off versus Adam Klapka in Tucson Roadrunners zone.
2:38 of 2nd period - Tim Gettinger is hit by William Carrier and loses puck.
2:47 of 2nd period - Wrist shot by Marcus Bjork.
2:47 of 2nd period - Deflect By Carson Soucy.
2:47 of 2nd period - Stopped by Elvis Merzlikins with a rebound.
2:49 of 2nd period - Backhand shot by Adam Klapka.
2:49 of 2nd period - Deflect By Tim Gettinger.
2:49 of 2nd period - Shot Blocked by Carson Soucy.
2:49 of 2nd period - Puck is out of play.
2:50 of 2nd period - Ethen Frank wins face-off versus Logan Shaw in Tucson Roadrunners zone.
3:15 of 2nd period - Benjamin Jones is hit by William Borgen and loses puck.
3:42 of 2nd period - Wrist shot by William Carrier.
3:42 of 2nd period - Shot Misses the Net.
3:44 of 2nd period - Snap shot by Matt Nieto.
3:44 of 2nd period - Shot Blocked by Nick Blankenburg.
4:04 of 2nd period - Snap shot by Tim Gettinger.
4:04 of 2nd period - Stopped by Elvis Merzlikins with a rebound.
4:18 of 2nd period - Slapshot by Nick Blankenburg.
4:18 of 2nd period - Shot Blocked by Carson Soucy.
4:26 of 2nd period - Wrist shot by Ethen Frank.
4:26 of 2nd period - Shot Misses the Net.
4:28 of 2nd period - Slapshot by William Borgen.
4:28 of 2nd period - Stopped by Elvis Merzlikins with a rebound.
4:38 of 2nd period - Wrist shot by Pontus Holmberg.
4:38 of 2nd period - Shot Blocked by Nicolas Petan.
4:42 of 2nd period - Slapshot by Lukas Rousek.
4:42 of 2nd period - Stopped by Elvis Merzlikins with a rebound.
4:44 of 2nd period - Slapshot by Tim Berni.
4:44 of 2nd period - Stopped by Elvis Merzlikins with a rebound.
4:46 of 2nd period - Snap shot by Pontus Holmberg.
4:46 of 2nd period - Stopped by Elvis Merzlikins with a rebound.
5:06 of 2nd period - Wrist shot by Juuso Parssinen.
5:06 of 2nd period - Stopped by Elvis Merzlikins without a rebound.
5:07 of 2nd period - Ethen Frank wins face-off versus Mark Jankowski in Tucson Roadrunners zone.
5:08 of 2nd period - Snap shot by Alex Steeves.
5:08 of 2nd period - Stopped by Elvis Merzlikins without a rebound.
5:09 of 2nd period - Ethen Frank wins face-off versus Mark Jankowski in Tucson Roadrunners zone.
5:10 of 2nd period - Wrist shot by Egor Afanasyev.
5:10 of 2nd period - Shot Blocked by Ronan Seeley.
6:32 of 2nd period - Carson Soucy is hit by Tye Kartye and loses puck.
7:01 of 2nd period - Snap shot by Matt Nieto.
7:01 of 2nd period - Shot Misses the Net.
7:03 of 2nd period - Slapshot by Carson Soucy.
7:03 of 2nd period - Shot Blocked by Casey Fitzgerald.
7:12 of 2nd period - Off-side.
7:13 of 2nd period - Adam Klapka wins face-off versus Logan Shaw in neutral zone.
7:57 of 2nd period - Snap shot by Anthony Richard.
7:57 of 2nd period - Goal by Anthony Richard - Tucson Roadrunners : 4 - Philadelphia Phantoms : 1.
7:58 of 2nd period - Jack McBain wins face-off versus Benjamin Jones in neutral zone.
8:31 of 2nd period - Snap shot by Benjamin Jones.
8:31 of 2nd period - Goal by Benjamin Jones - Tucson Roadrunners : 5 - Philadelphia Phantoms : 1.
8:32 of 2nd period - Mark Jankowski wins face-off versus Pontus Holmberg in neutral zone.
8:35 of 2nd period - Lukas Rousek is hit by William Carrier and loses puck.
8:45 of 2nd period - Off-side.
8:46 of 2nd period - Logan Shaw wins face-off versus Adam Klapka in neutral zone.
8:49 of 2nd period - Tim Gettinger is hit by Nicolas Petan and loses puck.
9:06 of 2nd period - Robert Hagg is hit by Tim Berni and loses puck.
9:45 of 2nd period - Wrist shot by Ethen Frank.
9:45 of 2nd period - Stopped by Elvis Merzlikins with a rebound.
10:07 of 2nd period - Slapshot by Robert Hagg.
10:07 of 2nd period - Stopped by Devin Cooley without a rebound.
10:08 of 2nd period - Mark Jankowski wins face-off versus Adam Klapka in Philadelphia Phantoms zone.
10:09 of 2nd period - Snap shot by William Carrier.
10:09 of 2nd period - Shot Hit the Post.
10:13 of 2nd period - Wrist shot by Matt Nieto.
10:13 of 2nd period - Shot Blocked by Nick Blankenburg.
10:15 of 2nd period - Slapshot by Nick Seeler.
10:15 of 2nd period - Shot Misses the Net.
10:17 of 2nd period - Slapshot by Nick Seeler.
10:17 of 2nd period - Deflect By William Carrier.
10:17 of 2nd period - Stopped by Devin Cooley without a rebound.
10:18 of 2nd period - Mark Jankowski wins face-off versus Adam Klapka in Philadelphia Phantoms zone.
10:19 of 2nd period - Snap shot by William Carrier.
10:19 of 2nd period - Shot Misses the Net.
10:21 of 2nd period - Slapshot by Ronan Seeley.
10:21 of 2nd period - Shot Misses the Net.
10:23 of 2nd period - Snap shot by William Carrier.
10:23 of 2nd period - Shot Blocked by Brandon Duhaime.
10:25 of 2nd period - Slapshot by Nick Seeler.
10:25 of 2nd period - Shot Misses the Net.
10:27 of 2nd period - Slapshot by Ronan Seeley.
10:27 of 2nd period - Shot Blocked by Nick Blankenburg.
10:35 of 2nd period - Wrist shot by William Carrier.
10:35 of 2nd period - Shot Misses the Net.
10:37 of 2nd period - Wrist shot by William Carrier.
10:37 of 2nd period - Stopped by Devin Cooley with a rebound.
10:39 of 2nd period - Snap shot by Mark Jankowski.
10:39 of 2nd period - Shot Blocked by Nick Blankenburg.
10:45 of 2nd period - Snap shot by Mark Jankowski.
10:45 of 2nd period - Shot Hit the Post.
10:47 of 2nd period - Snap shot by William Carrier.
10:47 of 2nd period - Shot Misses the Net.
10:49 of 2nd period - Slapshot by William Carrier.
10:49 of 2nd period - Stopped by Devin Cooley with a rebound.
10:51 of 2nd period - Snap shot by Matt Nieto.
10:51 of 2nd period - Shot Misses the Net.
10:53 of 2nd period - Snap shot by Matt Nieto.
10:53 of 2nd period - Shot Blocked by Brandon Duhaime.
10:55 of 2nd period - Slapshot by Matt Nieto.
10:55 of 2nd period - Shot Misses the Net.
10:57 of 2nd period - Snap shot by William Carrier.
10:57 of 2nd period - Shot Misses the Net.
10:59 of 2nd period - Snap shot by Nick Seeler.
10:59 of 2nd period - Deflect By Nick Blankenburg.
10:59 of 2nd period - Stopped by Devin Cooley with a rebound.
11:01 of 2nd period - Slapshot by William Carrier.
11:01 of 2nd period - Shot Misses the Net.
11:03 of 2nd period - Slapshot by Ronan Seeley.
11:03 of 2nd period - Stopped by Devin Cooley with a rebound.
11:25 of 2nd period - Snap shot by William Carrier.
11:25 of 2nd period - Stopped by Devin Cooley with a rebound.
11:27 of 2nd period - Wrist shot by Mark Jankowski.
11:27 of 2nd period - Shot Misses the Net.
11:29 of 2nd period - Snap shot by Matt Nieto.
11:29 of 2nd period - Stopped by Devin Cooley with a rebound.
11:31 of 2nd period - Snap shot by William Carrier.
11:31 of 2nd period - Shot Blocked by William Borgen.
11:33 of 2nd period - Slapshot by Ronan Seeley.
11:33 of 2nd period - Shot Blocked by William Borgen.
11:35 of 2nd period - Wrist shot by Mark Jankowski.
11:35 of 2nd period - Shot Misses the Net.
11:37 of 2nd period - Slapshot by Ronan Seeley.
11:37 of 2nd period - Stopped by Devin Cooley with a rebound.
11:43 of 2nd period - Snap shot by William Carrier.
11:43 of 2nd period - Stopped by Devin Cooley with a rebound.
11:45 of 2nd period - Slapshot by Ronan Seeley.
11:45 of 2nd period - Shot Misses the Net.
11:47 of 2nd period - Slapshot by Nick Seeler.
11:47 of 2nd period - Stopped by Devin Cooley with a rebound.
11:49 of 2nd period - Slapshot by Nick Seeler.
11:49 of 2nd period - Shot Blocked by Brandon Duhaime.
12:28 of 2nd period - Off-side.
12:29 of 2nd period - Logan Shaw wins face-off versus Juuso Parssinen in neutral zone.
12:36 of 2nd period - Snap shot by Alex Belzile.
12:36 of 2nd period - Stopped by Devin Cooley with a rebound.
12:38 of 2nd period - Wrist shot by Carson Soucy.
12:38 of 2nd period - Shot Blocked by Tim Berni.
12:40 of 2nd period - Slapshot by Robert Hagg.
12:40 of 2nd period - Shot Misses the Net.
12:42 of 2nd period - Snap shot by Robert Hagg.
12:42 of 2nd period - Stopped by Devin Cooley with a rebound.
12:54 of 2nd period - Tim Berni is hit by Robert Hagg and loses puck.
13:01 of 2nd period - Benjamin Jones is hit by Alex Steeves and loses puck.
13:36 of 2nd period - Fabian Lysell is hit by Tye Kartye and loses puck.
13:56 of 2nd period - Wrist shot by Nicolas Petan.
13:56 of 2nd period - Shot Blocked by Alex Steeves.
13:58 of 2nd period - Wrist shot by Nicolas Petan.
13:58 of 2nd period - Shot Misses the Net.
14:00 of 2nd period - Wrist shot by Alex Belzile.
14:00 of 2nd period - Shot Misses the Net.
14:16 of 2nd period - Icing by Ethen Frank.
14:17 of 2nd period - Ethen Frank wins face-off versus Scott Reedy in Philadelphia Phantoms zone.
14:24 of 2nd period - Marian Studenic is hit by Ethen Frank and loses puck.
14:58 of 2nd period - Wrist shot by Ethen Frank.
14:58 of 2nd period - Stopped by Elvis Merzlikins without a rebound.
14:59 of 2nd period - Pontus Holmberg wins face-off versus Benjamin Jones in Tucson Roadrunners zone.
15:14 of 2nd period - Wrist shot by Nils Aman.
15:14 of 2nd period - Stopped by Elvis Merzlikins with a rebound.
15:20 of 2nd period - Minor Penalty to Nick Seeler for Hooking.
15:21 of 2nd period - Jack McBain wins face-off versus William Carrier in Tucson Roadrunners zone.
15:28 of 2nd period - Wrist shot by Jack McBain.
15:28 of 2nd period - Stopped by Elvis Merzlikins with a rebound.
15:30 of 2nd period - Snap shot by Pontus Holmberg.
15:30 of 2nd period - Shot Blocked by William Carrier.
15:32 of 2nd period - Snap shot by Tye Kartye.
15:32 of 2nd period - Stopped by Elvis Merzlikins with a rebound.
15:34 of 2nd period - Wrist shot by Jack McBain.
15:34 of 2nd period - Stopped by Elvis Merzlikins without a rebound.
15:35 of 2nd period - Mark Jankowski wins face-off versus Ethen Frank in Tucson Roadrunners zone.
15:57 of 2nd period - Snap shot by Mark Jankowski.
15:57 of 2nd period - Stopped by Devin Cooley with a rebound.
16:09 of 2nd period - Wrist shot by Ethen Frank.
16:09 of 2nd period - Deflect By Lukas Rousek.
16:09 of 2nd period - Shot Misses the Net.
16:09 of 2nd period - Puck is out of play.
16:10 of 2nd period - Jack McBain wins face-off versus William Carrier in Tucson Roadrunners zone.
16:19 of 2nd period - Wrist shot by Jack McBain.
16:19 of 2nd period - Goal by Jack McBain - Tucson Roadrunners : 5 - Philadelphia Phantoms : 2.
16:20 of 2nd period - Alex Belzile wins face-off versus Jack McBain in neutral zone.
16:54 of 2nd period - Wrist shot by Jack McBain.
16:54 of 2nd period - Stopped by Elvis Merzlikins with a rebound.
16:56 of 2nd period - Snap shot by Jack McBain.
16:56 of 2nd period - Deflect By Juuso Parssinen.
16:56 of 2nd period - Shot Misses the Net.
16:56 of 2nd period - Puck is out of play.
16:57 of 2nd period - Benjamin Jones wins face-off versus Pontus Holmberg in Tucson Roadrunners zone.
17:02 of 2nd period - Snap shot by Nils Aman.
17:02 of 2nd period - Stopped by Elvis Merzlikins with a rebound.
17:03 of 2nd period - Louis Crevier beats up Anthony Richard.
17:03 of 2nd period - Penalty to Louis Crevier for Fighting.
17:03 of 2nd period - Penalty to Anthony Richard for Fighting.
17:04 of 2nd period - Pontus Holmberg wins face-off versus Logan Shaw in Tucson Roadrunners zone.
17:25 of 2nd period - Minor Penalty to Carson Soucy for Slashing.
17:26 of 2nd period - Ethen Frank wins face-off versus Mark Jankowski in Tucson Roadrunners zone.
19:25 of 2nd period - Penalty to Carson Soucy is over, Carson Soucy is back on ice.
19:37 of 2nd period - Nicolas Petan is hit by William Borgen and loses puck.
19:54 of 2nd period - Marian Studenic is hit by Nick Blankenburg and loses puck.
Goals for this period are 3 for Tucson Roadrunners vs 1 for Philadelphia Phantoms.
Shots for this period are 20 for Tucson Roadrunners vs 18 for Philadelphia Phantoms.
3rd period
0:01 of 3rd period - Logan Shaw wins face-off versus Pontus Holmberg in neutral zone.
0:08 of 3rd period - Snap shot by Logan Shaw.
0:08 of 3rd period - Shot Misses the Net.
0:10 of 3rd period - Wrist shot by Alex Belzile.
0:10 of 3rd period - Stopped by Devin Cooley without a rebound.
0:11 of 3rd period - Logan Shaw wins face-off versus Pontus Holmberg in Philadelphia Phantoms zone.
0:34 of 3rd period - Logan Shaw is hit by William Borgen and loses puck.
0:45 of 3rd period - Wrist shot by Lukas Rousek.
0:45 of 3rd period - Shot Misses the Net.
1:03 of 3rd period - Snap shot by Logan Shaw.
1:03 of 3rd period - Shot Blocked by William Borgen.
1:11 of 3rd period - Wrist shot by Pontus Holmberg.
1:11 of 3rd period - Stopped by Elvis Merzlikins without a rebound.
1:12 of 3rd period - Benjamin Jones wins face-off versus Jack McBain in Tucson Roadrunners zone.
1:19 of 3rd period - Carson Soucy is hit by Tye Kartye and loses puck.
1:40 of 3rd period - Slapshot by Marcus Bjork.
1:40 of 3rd period - Shot Blocked by Fabian Lysell.
1:46 of 3rd period - Slapshot by Robert Hagg.
1:46 of 3rd period - Deflect By Marcus Bjork.
1:46 of 3rd period - Stopped by Devin Cooley without a rebound.
1:47 of 3rd period - Ethen Frank wins face-off versus Scott Reedy in Philadelphia Phantoms zone.
2:02 of 3rd period - Off-side.
2:03 of 3rd period - Mark Jankowski wins face-off versus Jack McBain in neutral zone.
2:30 of 3rd period - Robert Hagg is hit by Tim Berni and loses puck.
2:37 of 3rd period - Snap shot by Ethen Frank.
2:37 of 3rd period - Shot Blocked by Robert Hagg.
2:39 of 3rd period - Wrist shot by Egor Afanasyev.
2:39 of 3rd period - Shot Blocked by Robert Hagg.
2:41 of 3rd period - Slapshot by Alex Steeves.
2:41 of 3rd period - Stopped by Elvis Merzlikins with a rebound.
2:43 of 3rd period - Slapshot by Casey Fitzgerald.
2:43 of 3rd period - Shot Misses the Net.
3:46 of 3rd period - Wrist shot by Mark Jankowski.
3:46 of 3rd period - Shot Blocked by Tye Kartye.
4:37 of 3rd period - Snap shot by Fabian Lysell.
4:37 of 3rd period - Shot Misses the Net.
4:57 of 3rd period - Snap shot by Juuso Parssinen.
4:57 of 3rd period - Stopped by Elvis Merzlikins with a rebound.
4:59 of 3rd period - Slapshot by Juuso Parssinen.
4:59 of 3rd period - Deflect By Tye Kartye.
4:59 of 3rd period - Stopped by Elvis Merzlikins with a rebound.
5:01 of 3rd period - Backhand shot by Louis Crevier.
5:01 of 3rd period - Shot Misses the Net.
6:36 of 3rd period - Marcus Bjork is hit by William Carrier and loses puck.
6:57 of 3rd period - Wrist shot by Egor Afanasyev.
6:57 of 3rd period - Stopped by Elvis Merzlikins without a rebound.
6:58 of 3rd period - Pontus Holmberg wins face-off versus Scott Reedy in Tucson Roadrunners zone.
7:11 of 3rd period - Snap shot by Fabian Lysell.
7:11 of 3rd period - Shot Misses the Net.
7:13 of 3rd period - Slapshot by Carson Soucy.
7:13 of 3rd period - Shot Misses the Net.
7:23 of 3rd period - Robert Hagg is hit by Jack McBain and loses puck.
7:49 of 3rd period - Slapshot by Nicolas Petan.
7:49 of 3rd period - Stopped by Devin Cooley without a rebound.
7:50 of 3rd period - Ethen Frank wins face-off versus Logan Shaw in Philadelphia Phantoms zone.
8:15 of 3rd period - Juuso Parssinen is hit by Mark Jankowski and loses puck.
8:22 of 3rd period - Snap shot by Mark Jankowski.
8:22 of 3rd period - Shot Blocked by Tim Berni.
8:24 of 3rd period - Slapshot by Mark Jankowski.
8:24 of 3rd period - Shot Misses the Net.
8:26 of 3rd period - Snap shot by William Carrier.
8:26 of 3rd period - Shot Misses the Net.
8:28 of 3rd period - Slapshot by Samuel Knazko.
8:28 of 3rd period - Shot Misses the Net.
9:02 of 3rd period - Wrist shot by Alex Steeves.
9:02 of 3rd period - Stopped by Elvis Merzlikins with a rebound.
9:04 of 3rd period - Wrist shot by Egor Afanasyev.
9:04 of 3rd period - Goal by Egor Afanasyev - Tucson Roadrunners : 5 - Philadelphia Phantoms : 3.
9:05 of 3rd period - Pontus Holmberg wins face-off versus Logan Shaw in neutral zone.
9:08 of 3rd period - Slapshot by William Borgen.
9:08 of 3rd period - Deflect By Carson Soucy.
9:08 of 3rd period - Stopped by Elvis Merzlikins without a rebound.
9:09 of 3rd period - Logan Shaw wins face-off versus Pontus Holmberg in Tucson Roadrunners zone.
9:24 of 3rd period - Slapshot by Carson Soucy.
9:24 of 3rd period - Shot Blocked by Lukas Rousek.
9:37 of 3rd period - Off-side.
9:38 of 3rd period - Jack McBain wins face-off versus Mark Jankowski in neutral zone.
9:41 of 3rd period - Slapshot by Casey Fitzgerald.
9:41 of 3rd period - Stopped by Elvis Merzlikins without a rebound.
9:42 of 3rd period - Ethen Frank wins face-off versus Mark Jankowski in Tucson Roadrunners zone.
9:45 of 3rd period - Wrist shot by Alex Steeves.
9:45 of 3rd period - Shot Blocked by Nick Seeler.
9:49 of 3rd period - Slapshot by Egor Afanasyev.
9:49 of 3rd period - Stopped by Elvis Merzlikins with a rebound.
9:51 of 3rd period - Snap shot by Alex Steeves.
9:51 of 3rd period - Shot Blocked by Matt Nieto.
10:16 of 3rd period - Slapshot by Nick Seeler.
10:16 of 3rd period - Shot Misses the Net.
10:18 of 3rd period - Snap shot by Benjamin Jones.
10:18 of 3rd period - Stopped by Devin Cooley with a rebound.
10:20 of 3rd period - Snap shot by Benjamin Jones.
10:20 of 3rd period - Shot Misses the Net.
10:27 of 3rd period - Tim Gettinger beats up Fabian Lysell.
10:27 of 3rd period - Penalty to Tim Gettinger for Fighting.
10:27 of 3rd period - Penalty to Fabian Lysell for Fighting.
10:28 of 3rd period - Alex Belzile wins face-off versus Jack McBain in Philadelphia Phantoms zone.
10:34 of 3rd period - Wrist shot by Nicolas Petan.
10:34 of 3rd period - Stopped by Devin Cooley with a rebound.
10:36 of 3rd period - Slapshot by Carson Soucy.
10:36 of 3rd period - Shot Blocked by Tye Kartye.
10:38 of 3rd period - Slapshot by Robert Hagg.
10:38 of 3rd period - Stopped by Devin Cooley with a rebound.
10:40 of 3rd period - Snap shot by Alex Belzile.
10:40 of 3rd period - Goal by Alex Belzile - Tucson Roadrunners : 6 - Philadelphia Phantoms : 3.
10:41 of 3rd period - Mark Jankowski wins face-off versus Ethen Frank in neutral zone.
10:47 of 3rd period - Minor Penalty to Alex Steeves for Slashing.
10:48 of 3rd period - Jack McBain wins face-off versus Logan Shaw in Philadelphia Phantoms zone.
10:48 of 3rd period - Jack McBain is hit by Robert Hagg.
12:47 of 3rd period - Penalty to Alex Steeves is over, Alex Steeves is back on ice.
13:08 of 3rd period - Icing by Ethen Frank.
13:09 of 3rd period - Ethen Frank wins face-off versus Marian Studenic in Philadelphia Phantoms zone.
14:10 of 3rd period - Casey Fitzgerald is hit by Matt Nieto and loses puck.
14:15 of 3rd period - Snap shot by Matt Nieto.
14:15 of 3rd period - Stopped by Devin Cooley without a rebound.
14:16 of 3rd period - Adam Klapka wins face-off versus Scott Reedy in Philadelphia Phantoms zone.
14:43 of 3rd period - Snap shot by Alex Steeves.
14:43 of 3rd period - Stopped by Elvis Merzlikins with a rebound.
14:45 of 3rd period - Snap shot by Alex Steeves.
14:45 of 3rd period - Shot Misses the Net.
16:05 of 3rd period - Alex Steeves is hit by Donovan Sebrango and loses puck.
16:17 of 3rd period - Icing by Marcus Bjork.
16:18 of 3rd period - Fabian Lysell wins face-off versus Pontus Holmberg in Philadelphia Phantoms zone.
16:21 of 3rd period - Snap shot by Fabian Lysell.
16:21 of 3rd period - Shot Misses the Net.
17:29 of 3rd period - Snap shot by Logan Shaw.
17:29 of 3rd period - Stopped by Devin Cooley without a rebound.
17:30 of 3rd period - Mark Jankowski wins face-off versus Jack McBain in Philadelphia Phantoms zone.
17:43 of 3rd period - Robert Hagg is hit by Jack McBain and loses puck.
18:22 of 3rd period - Slapshot by Carson Soucy.
18:22 of 3rd period - Stopped by Devin Cooley without a rebound.
18:23 of 3rd period - Adam Klapka wins face-off versus Benjamin Jones in Philadelphia Phantoms zone.
18:23 of 3rd period - William Borgen is hit by Anthony Richard and loses puck.
18:28 of 3rd period - Snap shot by Benjamin Jones.
18:28 of 3rd period - Shot Blocked by William Borgen.
18:32 of 3rd period - Snap shot by Benjamin Jones.
18:32 of 3rd period - Goal by Benjamin Jones - Tucson Roadrunners : 7 - Philadelphia Phantoms : 3.
18:33 of 3rd period - Jack McBain wins face-off versus Mark Jankowski in neutral zone.
18:48 of 3rd period - Wrist shot by Jack McBain.
18:48 of 3rd period - Stopped by Elvis Merzlikins with a rebound.
19:03 of 3rd period - Snap shot by Lukas Rousek.
19:03 of 3rd period - Stopped by Elvis Merzlikins with a rebound.
19:05 of 3rd period - Snap shot by Lukas Rousek.
19:05 of 3rd period - Shot Misses the Net.
19:07 of 3rd period - Slapshot by Tim Berni.
19:07 of 3rd period - Goal by Tim Berni - Tucson Roadrunners : 7 - Philadelphia Phantoms : 4.
19:08 of 3rd period - Benjamin Jones wins face-off versus Jack McBain in neutral zone.
19:26 of 3rd period - Icing by Anthony Richard.
19:27 of 3rd period - Benjamin Jones wins face-off versus Pontus Holmberg in Tucson Roadrunners zone.
19:48 of 3rd period - Robert Hagg is hit by Louis Crevier and loses puck.
Goals for this period are 2 for Tucson Roadrunners vs 2 for Philadelphia Phantoms.
Shots for this period are 11 for Tucson Roadrunners vs 14 for Philadelphia Phantoms.
Back to the Top